 Dungeon Crawl Stone Soup version 0.25-a0-482-g9b3b753f3f (webtiles) character file.

Game seed: 11712004005300942703, levelgen mode: deterministic

120 ReteAZ the Magician (level 5, -2/43 HPs)
             Began as a Gnoll Wanderer on Feb 10, 2020.
             Shot with an arrow by a centaur (9 damage)
             ... on level 7 of the Dungeon.
             The game lasted 00:02:36 (1994 turns).

ReteAZ the Magician (Gnoll Wanderer)                Turns: 1994, Time: 00:02:37

Health: -2/43      AC:  6    Str: 18    XL:     5   Next: 4%
Magic:  11/12      EV: 11    Int: 13    God:
Gold:   144        SH:  0    Dex: 13    Spells: 13/14 levels left

rFire    . . .     SeeInvis .   c - +3 dagger
rCold    . . .     Gourm    .   (no shield)
rNeg     . . .     Faith    .   o - +0 leather armour
rPois    .         Spirit   .   (no helmet)
rElec    .         Reflect  .   k - +2 cloak
rCorr    .         Harm     .   (no gloves)
MR       .....                  (no boots)
Stlth    +.........             (no amulet)
HPRegen  0.14/turn              (no ring)
MPRegen  0.13/turn              (no ring)

@: hasted, very quick
A: distributed training, fangs 1, strong nose
a: no special abilities


You were on level 7 of the Dungeon.
You were not hungry.

You visited 1 branch of the dungeon, and saw 5 of its levels.

You collected 144 gold pieces.

Inventory:

Hand Weapons
 a - a +0 club
 c - a +3 dagger (weapon)
Missiles
 p - 29 arrows
Armour
 d - a +0 robe
 k - a +2 cloak (worn)
 o - a +0 leather armour (worn)
Scrolls
 b - 2 scrolls of teleportation {unknown}
 e - a scroll of noise {unknown}
 h - a scroll of blinking {unknown}
 i - 2 scrolls of identify {unknown}
 m - a scroll of magic mapping {unknown}
 q - a scroll of fog {unknown}
Potions
 l - a potion of degeneration {unknown}
 r - a potion of flight {unknown}
Comestibles
 f - 3 rations


   Skills:
 + Level 4.7 Fighting
 + Level 1.3 Short Blades
 + Level 1.3 Long Blades
 + Level 1.3 Axes
 + Level 1.3 Maces & Flails
 + Level 1.3 Polearms
 + Level 1.3 Staves
 + Level 1.3 Slings
 + Level 1.3 Bows
 + Level 2.8 Crossbows
 + Level 4.7 Throwing
 + Level 1.3 Armour
 + Level 1.3 Dodging
 + Level 1.3 Stealth
 + Level 1.3 Shields
 + Level 1.3 Unarmed Combat
 + Level 5.1 Spellcasting
 + Level 1.0 Conjurations
 + Level 1.0 Hexes
 + Level 1.0 Charms
 + Level 1.0 Summonings
 + Level 1.0 Necromancy
 + Level 1.0 Translocations
 + Level 2.3 Transmutations
 + Level 1.0 Fire Magic
 + Level 1.0 Ice Magic
 + Level 1.0 Air Magic
 + Level 1.0 Earth Magic
 + Level 3.9 Poison Magic
 + Level 1.4 Invocations
 + Level 1.3 Evocations


You had 13 spell levels left.
You knew the following spells:

 Your Spells              Type           Power        Failure   Level  Hunger
a - Beastly Appendage     Tmut           #.....       9%          1    None

Your spell library contained the following spells:

 Spells                   Type           Power        Failure   Level  Hunger
 Sticks to Snakes         Tmut           #.......     13%         2    ##.....
 Freeze                   Ice            #...         14%         1    None
 Spider Form              Tmut/Pois      ##........   19%         3    ###....
 Ensorcelled Hibernation  Hex/Ice        #.....       22%         2    ##.....
 Slow                     Hex            #.......     22%         2    ##.....
 Ozocubu's Armour         Chrm/Ice       #.......     38%         3    ###....
 Ice Form                 Ice/Tmut       #.......     73%         4    ####...
 Blade Hands              Tmut           #.........   93%         5    ######.


Dungeon Overview and Level Annotations

Branches:
Dungeon (3/15)

Altars:

Shops:
D:7 *


Innate Abilities, Weirdness & Mutations

Your experience applies equally to all skills.
You have very sharp teeth.
Your uncanny sense of smell can sniff out nearby items.


Message History

The worker ant bites you.
You closely miss the worker ant.
The worker ant is moderately wounded.
A centaur comes into view. x2
The worker ant closely misses you.
The centaur shouts!
You hit the worker ant but do no damage.
You claw the worker ant.
The worker ant is heavily wounded.
The centaur wields a +0 shortbow.
The centaur shoots an arrow.
The arrow hits you!
The centaur wields a +0 shortbow.
The centaur shoots an arrow.
The arrow completely misses you. The worker ant bites you.
You hit the worker ant.
The worker ant is severely wounded.
Your talons disappear.
The centaur shoots an arrow.
The arrow hits you!
* * * LOW HITPOINT WARNING * * *
The centaur shoots an arrow.
The arrow hits you!
You die...

#######
####Y:...#
#.@ah)...# ∆
#.##Z##..#
...∩..##..#
$.##.#####..#
..# #c ...Z c
#a ...## ..
.##.. .. . ##
#.


You could see an ice beast, 2 centaurs, a hound, 2 worker ants and a bullfrog
skeleton.

Vanquished Creatures
  An orc priest (D:7)
  An iguana (D:6)
  4 oozes
  2 orcs (D:7)
  6 bats
  3 giant cockroaches
  5 goblins
  3 hobgoblins
  3 jackals (D:2)
  6 frilled lizards
  5 kobolds
  4 rats
43 creatures vanquished.

Notes
Turn   | Place    | Note
-------+----------+-------------------------------------------
     0 | D:1      | ReteAZ the Gnoll Wanderer began the quest for the Orb.
     0 | D:1      | ReteAZ set off with the following items: a +0 club, a +0
                  | robe, a ration; and the following spells available to
                  | memorise: Beastly Appendage, Sticks to Snakes, Spider Form,
                  | Freeze, Ensorcelled Hibernation, Slow, Ozocubu's Armour,
                  | Ice Form, Blade Hands
     0 | D:1      | Reached XP level 1. HP: 20/20 MP: 6/6
    22 | D:1      | Learned a level 1 spell: Beastly Appendage
   289 | D:1      | Reached XP level 2. HP: 21/26 MP: 5/7
   646 | D:1      | Reached XP level 3. HP: 31/31 MP: 9/9
   780 | D:1      | Reached skill level 5 in Spellcasting
  1166 | D:2      | Reached skill level 1 in Invocations
  1328 | D:2      | Reached skill level 1 in Short Blades
  1328 | D:2      | Reached skill level 1 in Long Blades
  1328 | D:2      | Reached skill level 1 in Axes
  1328 | D:2      | Reached skill level 1 in Maces & Flails
  1328 | D:2      | Reached skill level 1 in Polearms
  1328 | D:2      | Reached skill level 1 in Staves
  1328 | D:2      | Reached skill level 1 in Slings
  1328 | D:2      | Reached skill level 1 in Bows
  1328 | D:2      | Reached skill level 1 in Armour
  1328 | D:2      | Reached skill level 1 in Dodging
  1328 | D:2      | Reached skill level 1 in Stealth
  1328 | D:2      | Reached skill level 1 in Shields
  1328 | D:2      | Reached skill level 1 in Unarmed Combat
  1328 | D:2      | Reached skill level 1 in Evocations
  1521 | D:2      | Reached XP level 4. HP: 38/38 MP: 11/11
  1664 | D:3      | You fall into a shaft and drop 3 floors!
  1973 | D:6      | You fall into a shaft and drop 1 floor!
  1974 | D:7      | Noticed an ice beast
  1975 | D:7      | Found Ykkaepn's Assorted Antiques.
  1986 | D:7      | Reached skill level 1 in Conjurations
  1986 | D:7      | Reached skill level 1 in Hexes
  1986 | D:7      | Reached skill level 1 in Charms
  1986 | D:7      | Reached skill level 1 in Summonings
  1986 | D:7      | Reached skill level 1 in Necromancy
  1986 | D:7      | Reached skill level 1 in Translocations
  1986 | D:7      | Reached skill level 1 in Fire Magic
  1986 | D:7      | Reached skill level 1 in Ice Magic
  1986 | D:7      | Reached skill level 1 in Air Magic
  1986 | D:7      | Reached skill level 1 in Earth Magic
  1986 | D:7      | Reached XP level 5. HP: 31/43 MP: 10/12
  1992 | D:7      | Noticed a centaur
  1992 | D:7      | Noticed a centaur
  1994 | D:7      | Shot with an arrow by a centaur

Levels and vault maps discovered:
D:1:      elethiomel_arrival_infinity_welcomes_careful_drivers, layout_rooms
D:2:      layout_loops_ring, grunt_ministairs_10
D:3:      layout_rooms, minitemple, lemuel_coloured_pillars_altar,
          small_statue_intersection, st_stairs_2, grunt_ministairs_9
D:6:      layout_basic, xom_teletrap_fun, serial_shops, shop,
          cheibriados_altar_1
D:7:      layout_loops_cross, nicolae_overflow_hidden_temple, zin_treasury,
          serial_shops, shop

Skill      XL: |  1  2  3  4 |
---------------+-------------+-----
Transmutations | 2 |  2.3
Spellcasting   | 5 |  5.1
Invocations    | 1 |  1.4
Short Blades   | 1 |  1.3
Long Blades    | 1 |  1.3
Axes           | 1 |  1.3
Maces & Flails | 1 |  1.3
Polearms       | 1 |  1.3
Staves         | 1 |  1.3
Slings         | 1 |  1.3
Bows           | 1 |  1.3
Armour         | 1 |  1.3
Dodging        | 1 |  1.3
Stealth        | 1 |  1.3
Shields        | 1 |  1.3
Unarmed Combat | 1 |  1.3
Evocations     | 1 |  1.3
Conjurations   | 1 |  1.0
Hexes          | 1 |  1.0
Charms         | 1 |  1.0
Summonings     | 1 |  1.0
Necromancy     | 1 |  1.0
Translocations | 1 |  1.0
Fire Magic     | 1 |  1.0
Ice Magic      | 1 |  1.0
Air Magic      | 1 |  1.0
Earth Magic    | 1 |  1.0
Fighting       | |  4.7
Crossbows      | |  2.8
Throwing       | |  4.7
Poison Magic   | |  3.9

Action                   |  1- 3 |  4- 6 || total
-------------------------+-------+-------++-------
Melee: Club              |    25 |       ||    25
       Bite              |    10 |     7 ||    17
       Headbutt          |     4 |     1 ||     5
       Dagger            |    73 |    32 ||   105
       Kick              |     1 |     9 ||    10
 Cast: Beastly Appendage |     8 |     2 ||    10
  Use: Potion            |       |     2 ||     2
 Stab: Sleeping          |     2 |       ||     2
  Eat: Chunk             |     2 |     1 ||     3
Armor: Robe              |    31 |       ||    31
       Leather armour    |     1 |     3 ||     4
       Skin              |       |     5 ||     5
Dodge: Dodged            |    68 |    12 ||    80

Table legend:
 A = Non-vault XP
 B = Vault XP
 C = Vault XP percentage of total XP
 D = Non-vault monster count
 E = Vault monster count
 F = Vault count percentage of total count
                 A         B        C        D         E       F
            +---------+---------+-------+---------+---------+-------
      Total |     164 |       8 |   4.7 |      41 |       2 |   4.7
            +---------+---------+-------+---------+---------+-------
        D:1 |      47 |       0 |   0.0 |      23 |       0 |   0.0
        D:2 |      28 |       8 |  22.2 |      13 |       2 |  13.3
        D:3 |       1 |       0 |   0.0 |       1 |       0 |   0.0
        D:6 |      39 |       0 |   0.0 |       1 |       0 |   0.0
        D:7 |      49 |       0 |   0.0 |       3 |       0 |   0.0
            +---------+---------+-------+---------+---------+-------
